 Dungeon Crawl Stone Soup version 0.31-a0-765-g67fe2935dc (webtiles) character file.

Game seed: 10146122050932259226

101 senseless the Shield-Bearer (level 4, -1/41 HPs)
             Began as a Minotaur Fighter on Sept 15, 2023.
             Slain by Sigmund
             ... wielding a +0 scythe
              (5 damage)
             ... on level 2 of the Dungeon.
             The game lasted 00:02:06 (948 turns).

senseless the Shield-Bearer (Minotaur Fighter)       Turns: 948, Time: 00:02:06

Health: -1/41      AC:  7    Str: 23    XL:     4   Next: 48%
Magic:  3/3        EV:  8    Int:  5    God:
Gold:   60         SH:  0    Dex:  9    Spells: 3/3 levels left

rFire   + . .        a - +0 war axe
rCold   + . .        f - +0 kite shield
rNeg    . . .        b - +0 scale mail
rPois   +            (helmet restricted)
rElec   +            (no cloak)
rCorr   +            (no gloves)
SInv    .            (no boots)
Will    .....        (no amulet) Stlth
                     (no ring)
HPRegen 0.26/turn    (no ring)
MPRegen 0.08/turn

%: no passive effects
@: confused, resistant, hasted, very quick
A: horns 2, retaliatory headbutt
a: no special abilities


You were on level 2 of the Dungeon.
You visited 1 branch of the dungeon, and saw 2 of its levels.

You collected 60 gold pieces.

Inventory:

Hand Weapons
 a - a +0 war axe (weapon)
Armour
 b - a +0 scale mail (worn)
 f - a +0 kite shield (worn)
Scrolls
 c - a scroll of teleportation {unknown}
 h - 2 scrolls of identify {unknown}
 j - a scroll of blinking {unknown}
Potions
 d - 2 potions of might
 i - a potion of enlightenment {unknown}


   Skills:
 + Level 4.5 Fighting
 + Level 3.5 Axes
 + Level 4.4 Armour
 + Level 4.5 Shields


You had 3 spell levels left.
You didn't know any spells.
Your spell library contained the following spells:

 Spells                   Type           Power      Damage    Failure   Level
 Hailstorm                Conj/Ice       0%         3d3       100%        3
 Summon Ice Beast         Ice/Summ       0%         N/A       100%        4
 Simulacrum               Ice/Necr       0%         N/A       100%        6


Dungeon Overview and Level Annotations

Branches:
Dungeon (2/15)

Altars:

Shops:
D:1 :

Annotations:
D:2 Sigmund


Innate Abilities, Weirdness & Mutations

You have a pair of horns on your head.
You reflexively headbutt those who attack you in melee.


Message History

Found a stone staircase leading down.
The rat closely misses you.
You slash the rat!
You kill the rat!
No target in view!
No target in view!
No target in view!
No target in view!
No target in view!
No target in view!
No target in view!
No target in view!
No target in view!
No target in view!
Sigmund the Dreaded comes into view.
He is wielding a +0 scythe.
Sigmund shouts!
Sigmund casts a spell.
Sigmund flickers and vanishes!
Deactivating autopickup; reactivate with Ctrl-A.
Something hits you.
You hit something but do no damage. Your headbutt misses something.
Something hits you!
You barely miss something. Your headbutt misses something.
You hear some strange, mumbled words.
Something tries to affect you, but you resist.
Something hits you!
You barely miss something. Something hits you!
You closely miss something. You headbutt something!
A hobgoblin comes into view.
Something hits you but does no damage.
You miss something. You headbutt something!
You hear some strange, mumbled words.
You are confused.
The hobgoblin throws a stone.
The stone hits you. Something hits you!
* * * LOW HITPOINT WARNING * * *
It was a potion of resistance.
You feel protected.
It was a potion of haste.
You feel yourself speed up.
The hobgoblin throws a stone.
The stone closely misses you. Something hits you.
You die...

.................#.# #.# #..#
............###....###.###..#
.............................
...>.........##.######.......
.......#..............####...
###.#.........#...#####...†..
#.#.........###.# #...##... #
..........# #..####......
#.......@.####..###.##...
#.................#......
#..........g......#......
#..................######
#.....................##
#.................###..##
#.................# ##...
.................# #...
........# #...


You could see a hobgoblin.

Vanquished Creatures
  Natasha (twice) (D:2)
  A dart slug (D:1)
  4 bats
  4 endoplasms
  A giant cockroach (D:1)
  3 goblins (D:1)
  11 hobgoblins (D:1)
  2 jackals (D:1)
  3 kobolds
  2 quokkas (D:1)
  4 ball pythons (D:1)
  5 frilled lizards (D:1)
  3 rats
45 creatures vanquished.

Notes
Turn   | Place    | Note
-------+----------+-------------------------------------------
     0 | D:1      | senseless the Minotaur Fighter began the quest for the Orb.
     0 | D:1      | Reached XP level 1. HP: 19/19 MP: 0/0
    22 | D:1      | Reached XP level 2. HP: 23/27 MP: 1/1
   208 | D:1      | Reached XP level 3. HP: 30/33 MP: 2/2
   386 | D:1      | Found Otawe's Book Shop.
   743 | D:2      | Noticed Natasha
   748 | D:2      | Killed Natasha
   749 | D:2      | Reached XP level 4. HP: 19/41 MP: 3/3
   869 | D:2      | Noticed Natasha
   874 | D:2      | Killed Natasha
   936 | D:2      | Noticed Sigmund
   948 | D:2      | Slain by Sigmund

Illustrated notes

Levels and vault maps discovered:
D:1:      minmay_arrival_arboretum_small, layout_loops_ring, serial_shops,
          shop_statue, minmay_pentomino_w4
D:2:      layout_basic, serial_corexii_hall, corexii_hall_statues_t,
          corexii_hall_statues_l, st_stairs_5, uniq_natasha, uniq_sigmund,
          uniq_terence

Skill      XL: |  1  2 |
---------------+-------+-----
Shields        | 4 |  4.5
Fighting       | 4 |  4.5
Armour         | 4 |  4.4
Axes           | 3 |  3.5

Action                     |  1- 3 |  4- 6 || total
---------------------------+-------+-------++-------
  Melee: War axe           |    85 |    13 ||    98
         Headbutt          |    11 |     3 ||    14
    Use: Potion            |       |     2 ||     2
 Armour: Scale mail        |    49 |    13 ||    62
  Dodge: Dodged            |    36 |     5 ||    41
  Block: Buckler           |    13 |       ||    13
         Kite shield       |    22 |     7 ||    29

Table legend: (Time is in decaauts)
 A = Elapsed time spent in this place.
 B = Non-inter-level travel time spent in this place.
 C = Inter-level travel time spent in this place.
 D = Time resting spent in this place.
 E = Time spent auto-exploring this place.
 F = Levels seen in this place.
 G = Mean time per level.
                   A        B        C        D        E       F      G
               +--------+--------+--------+--------+--------+-----+--------+
         Total |    990 |    952 |     38 |      0 |    659 |   2 |  495.0 |
       Dungeon |    990 |    952 |     38 |      0 |    659 |   2 |  495.0 |
               +--------+--------+--------+--------+--------+-----+--------+

Top non-repeatable levels by time:
     D:1: 753 daAuts
     D:2: 237 daAuts
